 Dungeon Crawl Stone Soup version 0.24-a0-509-ga1643a6788 (webtiles) character file.

Game seed: 1577266275429859810

2471 KristoblXynda the Carver (level 9, -17/71 HPs)
             Began as a Yellow Draconian Gladiator on July 19, 2019.
             Was an Initiate of Gozag.
             Demolished by an Executioner (25 damage)
             ... while paralysed
             ... on level 1 of the Abyss.
             The game lasted 00:10:08 (6802 turns).

KristoblXynda the Carver (DrGl)                     Turns: 6802, Time: 00:10:09

Health: -17/71     AC:  9    Str: 18    XL:     9   Next: 26%
Magic:  9/9        EV:  2    Int: 11    God:    Gozag
Gold:   709        SH:  0    Dex: 12    Spells: 8/8 levels left

rFire    . . .     SeeInvis .   u - +4 long sword
rCold    . . .     Gourm    .   (no shield)
rNeg     . . .     Faith    .   (armour unavailable)
rPois    .         Spirit   .   b - +1 hat
rElec    .         Reflect  .   j - +0 cloak
rCorr    +         Harm     .   (no gloves)
MR       .....                  (no boots)
Stlth    ++........             (no amulet)
HPRegen  0.21/turn              r - ring of stealth
MPRegen  0.11/turn              (no ring)

@: paralysed, about to teleport, berserk cooldown, slowed
A: spit acid, unfitting armour, cold-blooded, acid resistance, AC +7
a: Breathe Acid, Potion Petition, Call Merchant, Bribe Branch, Renounce Religion


You were on level 1 of the Abyss.
You worshipped Gozag.
Gozag was pleased with you.
You were not hungry.

You visited 1 branch of the dungeon, and saw 6 of its levels.
You visited the Abyss 1 time.

You collected 1029 gold pieces.
You paid 320 gold pieces to Gozag.

Inventory:

Hand Weapons
 p - a +0 scimitar
 u - a +4 long sword (weapon)
Missiles
 c - a throwing net (quivered)
Armour
 b - a +1 hat (worn)
 j - a +0 cloak (worn)
Jewellery
 f - the ring of Sousson {Wiz Str+3 Int+4 SInv, unknown}
   (You found it on level 5 of the Dungeon)

   [ring of wizardry]

   It improves your spell success rate.
   It affects your strength (+3).
   It affects your intelligence (+4).
   It lets you see invisible.
 l - an uncursed amulet of magic regeneration
 r - a ring of stealth (left hand)
Wands
 s - a wand of clouds (3)
Scrolls
 g - a scroll of remove curse
 h - a scroll of enchant weapon
 i - a scroll of teleportation
 n - 2 scrolls of fog
Potions
 e - a potion of might
 k - 2 potions of agility
 m - 2 potions of lignification
 o - 2 potions of degeneration {unknown}
 t - a potion of brilliance
Comestibles
 d - 7 rations


   Skills:
 + Level 3.6 Fighting
 + Level 9.4 Long Blades
 - Level 5.3 Throwing
 + Level 6.3 Dodging
 + Level 0.2 Stealth


You had 8 spell levels left.
You didn't know any spells.
Your spell library contained the following spells:

 Spells                   Type           Power        Failure   Level  Hunger
 Infusion                 Chrm           #...         34%         1    ##.....
 Ozocubu's Armour         Chrm/Ice       #.......     71%         3    ####...
 Force Lance              Conj/Tloc      #.......     98%         4    #####..


Dungeon Overview and Level Annotations

Branches:
Dungeon (6/15)             Temple (0/1) D:4

Altars:
Cheibriados
Elyvilon
Gozag
Okawaru
Ru
Xom
Yredelemnul
Zin


Innate Abilities, Weirdness & Mutations

You can spit globs of acid.
Your golden yellow scales are hard. (AC +7)
You cannot fit into any form of body armour.
You are cold-blooded and may be slowed by cold attacks.
You are resistant to acid. (rCorr)


Message History

You feel a strong urge to attack something.
The Executioner barely misses you. The Executioner closely misses you.
The Executioner barely misses you.
A bone dragon comes into view.
Found 17 stones.
The Executioner hits you!!
* * * LOW HITPOINT WARNING * * *
The Executioner barely misses you. The Executioner hits you.
* * * LOW HITPOINT WARNING * * *
You feel your anger nearly subside.
You are no longer berserk.
You pass out from exhaustion.
You feel yourself slow down.
The Executioner hits you but does no damage.
The Executioner hits you!
* * * LOW HITPOINT WARNING * * *
The Executioner hits you.
* * * LOW HITPOINT WARNING * * *
The Executioner hits you!!
You die...
Your body crumbles into a pile of gold.

#.# ##.### ....#... #
.
...###...##.........
.*.
...#.....#.....#.....
.
..........#...###...
# . #.....###. # #.##
##...###...## ..#
##.### ....# ...#
##..1##........*...
.. #....@# ...#.
...#. ..........#
..###...
...#.....###.## #. #
#.#.##.... ... ..#
D...# ......... #.
(#.# #...#..#. #.
..##..## #.. ..


You could see an Executioner.

Vanquished Creatures
  Grinder (D:5)
  Sigmund (D:2)
  A ynoxinul (Abyss:1)
  2 orc warriors (D:6)
  A necrophage (D:6)
  A phantom (D:6)
  An ice beast (D:6)
  An ogre (D:6)
  Blork the orc (D:4)
  3 killer bees (D:4)
  A scorpion (D:6)
  4 wights (D:6)
  4 crimson imps
  A centaur zombie (D:6)
  2 quasits
  3 hounds
  4 orc priests
  2 jellies
  Crazy Yiuf (D:4)
  Natasha (thrice) (D:4)
  An orc wizard (D:5)
  5 worker ants
  7 gnolls
  A howler monkey skeleton (D:6)
  7 adders
  A shadow imp (D:5)
  2 adder skeletons (D:5)
  3 worms
  5 dart slugs
  10 leopard geckos
  13 orcs
  2 ball pythons
  5 bats
  3 giant cockroaches
  10 goblins
  5 hobgoblins
  4 jackals (D:4)
  A quokka (D:4)
  11 frilled lizards
  9 kobolds
  A quokka zombie (D:6)
  10 rats
  A plant (D:1)
155 creatures vanquished.

Notes
Turn   | Place    | Note
-------+----------+-------------------------------------------
     0 | D:1      | KristoblXynda the Draconian Gladiator began the quest for
                  | the Orb.
     0 | D:1      | Reached XP level 1. HP: 17/17 MP: 1/1
   267 | D:1      | Reached XP level 2. HP: 24/24 MP: 2/2
   469 | D:1      | Reached XP level 3. HP: 24/29 MP: 3/3
  1086 | D:2      | Noticed Sigmund
  1173 | D:2      | Killed Sigmund
  1173 | D:2      | Reached skill level 4 in Long Blades
  1173 | D:2      | Reached XP level 4. HP: 28/36 MP: 4/4
  1173 | D:2      | Reached XP level 5. HP: 32/41 MP: 5/5
  1392 | D:2      | Reached skill level 5 in Long Blades
  1512 | D:2      | Found an opulent altar of Gozag.
  1513 | D:2      | Found a glowing silver altar of Zin.
  1631 | D:2      | Became a worshipper of Gozag Ym Sagoz the Greedy
  1718 | D:2      | Found a faded altar of an unknown god.
  1742 | D:2      | Found a shimmering altar of Xom.
  2224 | D:3      | Found a white marble altar of Elyvilon.
  2389 | D:3      | Reached XP level 6. HP: 46/48 MP: 6/6
  2924 | D:3      | Found a sacrificial altar of Ru.
  3389 | D:4      | Noticed Natasha
  3422 | D:4      | Killed Natasha
  3478 | D:4      | Noticed Natasha
  3701 | D:4      | Killed Natasha
  3852 | D:4      | Found a staircase to the Ecumenical Temple.
  3974 | D:4      | Reached skill level 6 in Long Blades
  4112 | D:4      | Noticed Natasha
  4125 | D:4      | Killed Natasha
  4125 | D:4      | Your scales start taking on a golden yellow colour.
  4125 | D:4      | Reached XP level 7. HP: 54/55 MP: 7/7
  4125 | D:4      | Gained mutation: You are resistant to acid. (rCorr) [Yellow
                  | Draconian growth]
  4351 | D:4      | Found a snail-covered altar of Cheibriados.
  4370 | D:4      | Noticed Blork the orc
  4379 | D:4      | Killed Blork the orc
  4657 | D:4      | Found a runed translucent door.
  4658 | D:4      | Noticed Crazy Yiuf
  4662 | D:4      | Killed Crazy Yiuf
  4778 | D:5      | Entered Level 5 of the Dungeon
  4942 | D:5      | Got a slimy tin ring
  5076 | D:5      | Reached skill level 7 in Long Blades
  5119 | D:5      | Noticed Grinder
  5125 | D:5      | Killed Grinder
  5125 | D:5      | Reached skill level 5 in Dodging
  5125 | D:5      | Reached XP level 8. HP: 56/61 MP: 8/8
  5716 | D:6      | Identified the Grimoire of the Voyage and Boosts
  5751 | D:6      | Reached skill level 8 in Long Blades
  5770 | D:6      | Reached skill level 5 in Throwing
  5937 | D:6      | Found an iron altar of Okawaru.
  6372 | D:6      | Reached XP level 9. HP: 58/68 MP: 9/9
  6430 | D:6      | Reached skill level 9 in Long Blades
  6608 | D:6      | Found a basalt altar of Yredelemnul.
  6628 | D:6      | Cast into level 1 of the Abyss (orc wizard)
  6771 | Abyss:1  | Noticed a bone dragon
  6777 | Abyss:1  | Noticed a wretched star
  6778 | Abyss:1  | Noticed a wretched star
  6790 | Abyss:1  | Noticed an Executioner
  6799 | Abyss:1  | Noticed a bone dragon
  6802 | Abyss:1  | Demolished by an Executioner

Levels and vault maps discovered:
D:1:      sevenhm_arrival_forest_fort_large_4, layout_rooms,
          serial_bayou_lagoon_a, minmay_split_cup_small
D:2:      layout_loops_cross, grunt_temple_overflow_gold_and_silver,
          chequers_ecumenical_altar_simple, first_ration, tgw_xom, uniq_sigmund
D:3:      layout_basic, elyvilon_altar_4, nicolae_ru_the_path_less_chosen
D:4:      minmay_skewed_foursquare, layout_basic, minmay_temple_entry_slanted,
          kennysheep_slug_shrine, uniq_natasha, uniq_blork_the_orc,
          uniq_crazy_yiuf_cottage
D:5:      layout_gridville, uniq_grinder
D:6:      cheibrodos_fzero, layout_basic, yredelemnul_altar_generic,
          okawaru_ov_weapons_minmay, kennysheep_little_box,
          minmay_misc_feat_hallway
Abyss:1

Skill      XL: |  1  2  3  4  5  6  7  8  9 |
---------------+----------------------------+-----
Throwing       | 2 3 4 5 |  5.3
Dodging        | 3 4 5 6 |  6.3
Long Blades    | 4 5 6 7 8 9 |  9.4
Fighting       | 3 |  3.6
Stealth        | |  0.2

Action                   |  1- 3 |  4- 6 |  7- 9 || total
-------------------------+-------+-------+-------++-------
Melee: Long sword        |   123 |   193 |   243 ||   559
       Tailslap          |    24 |    17 |    35 ||    76
Throw: Throwing net      |       |     3 |       ||     3
Invok: Potion Petition   |       |       |     2 ||     2
 Abil: Breathe Acid      |       |       |    14 ||    14
  Use: Scroll            |       |     7 |     5 ||    12
       Potion            |       |     4 |     1 ||     5
 Stab: Distracted        |     1 |       |     1 ||     2
       Sleeping          |       |     2 |     3 ||     5
  Eat: Ration            |     1 |     2 |     4 ||     7
Armor: Skin              |    29 |   103 |    68 ||   200
Dodge: Dodged            |    82 |   160 |   189 ||   431
       Rpst.: Long sword |    29 |    44 |    47 ||   120

Table legend:
 A = Non-vault XP
 B = Vault XP
 C = Vault XP percentage of total XP
 D = Non-vault monster count
 E = Vault monster count
 F = Vault count percentage of total count
                 A         B        C        D         E       F
            +---------+---------+-------+---------+---------+-------
      Total |    2055 |    1476 |  41.8 |     131 |      23 |  14.9
            +---------+---------+-------+---------+---------+-------
        D:1 |      53 |       7 |  11.7 |      32 |       3 |   8.6
        D:2 |      35 |     220 |  86.3 |      14 |       1 |   6.7
        D:3 |     175 |       0 |   0.0 |      25 |       0 |   0.0
        D:4 |     422 |     178 |  29.7 |      23 |       7 |  23.3
        D:5 |     353 |     281 |  44.3 |      16 |       1 |   5.9
        D:6 |     764 |     790 |  50.8 |      19 |      11 |  36.7
    Abyss:1 |     253 |       0 |   0.0 |       2 |       0 |   0.0
            +---------+---------+-------+---------+---------+-------
